 Dungeon Crawl Stone Soup version 0.26-a0-591-g04f19ec95a (webtiles) character file.

Game seed: 5760296243022682589

32 Eifo4Ohj9gu9Dob0ohLe the Skirmisher (level 3, -1/33 HPs)
             Began as a Draconian Berserker on Aug 21, 2020.
             Was a Follower of Trog.
             Slain by a phantom (9 damage)
             ... on level 2 of the Dungeon on Aug 24, 2020.
             The game lasted 00:09:28 (1116 turns).

Eifo4Ohj9gu9Dob0ohLe the Skirmisher (DrBe)          Turns: 1116, Time: 00:09:29

Health: -1/33      AC:  5    Str: 20    XL:     3   Next: 8%
Magic:  3/3        EV: 13    Int:  7    God:    Trog [*.....]
Gold:   88         SH:  0    Dex: 10    Spells: 2/2 levels left

rFire    . . .     SeeInvis .   a - +0 short sword
rCold    . . .     Faith    .   (no shield)
rNeg     . . .     Spirit   .   (armour unavailable)
rPois    .         Reflect  .   (helmet restricted)
rElec    .         Harm     .   (no cloak)
rCorr    .                      (no gloves)
MR       .....                  (no boots)
Stlth    +.........             (no amulet)
HPRegen  0.11/turn              (no ring)
MPRegen  0.08/turn              (no ring)

@: berserk cooldown, slowed, very slow
A: unfitting armour, cold-blooded, AC +5
a: Berserk, Renounce Religion


You were on level 2 of the Dungeon.
You worshipped Trog.
Trog was aware of your devotion.
You visited 1 branch of the dungeon, and saw 2 of its levels.

You collected 88 gold pieces.

Inventory:

Hand Weapons
 a - a +0 short sword (weapon)
Armour
 g - a +0 kite shield
Jewellery
 h - an uncursed ring of poison resistance {unknown}
 i - an uncursed ring of protection from cold {unknown}
Scrolls
 b - 4 scrolls of identify {unknown}
 d - 2 scrolls of teleportation {unknown}
Potions
 c - a potion of haste {unknown}
 e - a potion of heal wounds {unknown}
 f - a potion of stabbing {unknown}


   Skills:
 + Level 3.7 Fighting
 + Level 3.3 Short Blades
 + Level 3.3 Dodging


You had 2 spell levels left.
You didn't know any spells.
Your spell library was empty.

Dungeon Overview and Level Annotations

Branches:
Dungeon (2/15)

Altars:
Vehumet


Innate Abilities, Weirdness & Mutations

Your plain brown scales are hard. (AC +5)
You cannot fit into any form of body armour.
You are cold-blooded and may be slowed by cold attacks.


Message History

You barely miss the phantom.
The phantom is heavily damaged.
The phantom barely misses you.
You hit the phantom. You tail-slap the phantom.
The phantom is severely damaged.
The phantom blinks!
A red film seems to cover your vision as you go berserk!
You feel yourself moving faster!
You feel mighty!
You feel a strong urge to attack something.
The phantom blinks!
You feel your anger nearly subside.
You are no longer berserk.
You are exhausted.
You feel yourself slow down.
Found a stone staircase leading up.
The phantom barely misses you.
You closely miss the phantom.
The phantom is severely damaged.
The phantom blinks!
The phantom hits you!
You die...

#############
#...........# #..........#
#..........# #. ##
#.........## ... .#####
#.........# ....
.....####.......W.##.....
..>.............@........
.................ยง##....
##.......................
#........##..............
............##...........
............##............
..........#..#........<..
..........##.............
......... #........#...


You could see a phantom.

Vanquished Creatures
  An ooze (D:1)
  A worm (D:2)
  A dart slug (D:1)
  A ball python (D:1)
  2 giant cockroaches (D:2)
  4 goblins
  3 hobgoblins
  2 bats
  3 frilled lizards (D:1)
  2 kobolds (D:1)
  3 rats
23 creatures vanquished.

Vanquished Creatures (others)
  2 worms (D:2)
2 creatures vanquished.

Grand Total: 25 creatures vanquished

Notes
Turn   | Place    | Note
-------+----------+-------------------------------------------
     0 | D:1      | Eifo4Ohj9gu9Dob0ohLe the Draconian Berserker began the
                  | quest for the Orb.
     0 | D:1      | Reached XP level 1. HP: 19/19 MP: 1/1
   171 | D:1      | Reached XP level 2. HP: 22/26 MP: 2/2
   629 | D:1      | Upgraded the game from 0.26-a0-572-g753d7e3450 to
                  | 0.26-a0-591-g04f19ec95a
   718 | D:2      | Found a radiant altar of Vehumet.
   863 | D:2      | Reached XP level 3. HP: 33/33 MP: 3/3
  1006 | D:2      | Reached ** piety under Trog
  1034 | D:2      | Noticed a phantom
  1116 | D:2      | Slain by a phantom

Illustrated notes

Levels and vault maps discovered:
D:1:      scummos_arrival_gate, layout_basic, chequers_big_river
D:2:      layout_rooms, fiery_altar_vehumet

Skill      XL: |  1  2 |
---------------+-------+-----
Dodging        | 3 |  3.3
Fighting       | |  3.7
Short Blades   | |  3.3

Action                   || total
-------------------------++-------
Melee: Short sword       ||   112
       Tailslap          ||    15
Invok: Berserk           ||     3
       Trog's Hand       ||     1
 Stab: Sleeping          ||     1
Armor: Skin              ||    34
Dodge: Dodged            ||    88

Table legend: (Time is in decaauts)
 A = Elapsed time spent in this place.
 B = Non-inter-level travel time spent in this place.
 C = Inter-level travel time spent in this place.
 D = Time resting spent in this place.
 E = Time spent auto-exploring this place.
 F = Levels seen in this place.
 G = Mean time per level.
                   A        B        C        D        E       F      G
               +--------+--------+--------+--------+--------+-----+--------+
         Total |   1145 |   1139 |      6 |    267 |    298 |   2 |  572.5 |
       Dungeon |   1145 |   1139 |      6 |    267 |    298 |   2 |  572.5 |
               +--------+--------+--------+--------+--------+-----+--------+

Top non-repeatable levels by time:
     D:1: 736 daAuts
     D:2: 408 daAuts
